Map: Orbital Shipyard

Players

SticklerMac

  • Race: Zerg Zerg
  • League: Bronze

Skellis - Winner!

  • Race: Protoss Protoss
  • League: Grandmaster

VOD

Have the link to the VOD?

Description

Time

  • Played on: July 23, 2015, 1:01 a.m.
  • Length: 13:13
Show
View Real Time Build Order
Export as new Build Order

SticklerMac Zerg 

Build Orders:  

Get SALT Encoding   

  12  0:01  Drone  
  13  0:08  Drone  
  14  0:17  Overlord  
  14  0:42  Hatchery  
  13  1:07  Hatchery  
  12  1:11  Drone  
  12  1:14  Drone  
  14  1:19  Drone  
  14  1:23  Drone  
  16  1:33  Drone  
  17  1:55  Drone  
  17  1:56  Drone  
  19  2:04  Drone  
  19  2:05  Drone  
  21  2:09  Overlord  
  22  2:15  Drone  
  22  2:17  Drone  
  22  2:18  Hatchery  
  22  2:27  Drone  
  22  2:28  Drone x2  
  25  2:31  Drone  
  26  2:40  Drone x2  
  28  2:45  Drone  
  29  2:51  Hatchery  
  29  2:55  Drone x2  
  29  2:56  Drone  
  31  3:09  Hatchery  
  31  3:10  Drone  
  32  3:12  Drone  
  32  3:14  Drone  
  32  3:18  Drone x2  
  32  3:19  Drone  
  36  3:21  Drone  
  36  3:23  Drone  
  35  3:30  Drone x2  
  35  3:31  Drone  
  35  3:32  Drone  
  39  3:38  Drone  
  36  3:53  Drone x7  
  33  4:00  Drone  
  33  4:02  Drone  
  31  4:03  Drone  
  31  4:04  Drone  
  16  4:18  Drone  
  16  4:22  Drone  
  15  4:26  Drone  
  15  4:28  Drone  
  17  4:33  Drone  
  17  4:37  Drone  
  19  4:42  Drone  
  17  4:46  Drone  
  17  4:51  Drone  
  17  4:55  Drone  
  17  4:58  Drone  
  19  5:02  Drone  
  19  5:06  Drone  
  21  5:09  Drone  
  21  5:12  Drone  
  23  5:15  Drone  
  23  5:21  Drone x2  
  26  5:23  Drone  
  26  5:25  Drone  
  28  5:28  Drone  
  28  5:31  Drone  
  28  5:34  Drone  
  23  5:36  Drone  
  23  5:42  Drone x2  
  26  5:44  Drone  
  26  5:47  Drone  
  29  5:50  Drone  
  29  5:51  Drone  
  29  5:54  Drone  
  29  5:56  Drone  
  32  5:58  Drone  
  32  6:00  Drone  
  32  6:02  Drone  
  32  6:04  Drone  
  34  6:06  Drone  
  34  6:07  Drone  
  34  6:10  Drone  
  37  6:11  Drone  
  37  6:13  Drone  
  37  6:15  Drone  
  37  6:17  Drone  
  39  6:19  Drone  
  39  6:20  Drone  
  39  6:26  Overlord  
  39  6:40  Hatchery  
  39  6:43  Drone  
  39  6:44  Drone  
  39  6:45  Drone  
  39  6:46  Drone  
  41  6:52  Drone  
  38  6:54  Drone  
  38  6:55  Hatchery  
  31  7:01  Drone  
  31  7:02  Drone  
  31  7:04  Drone  
  31  7:05  Drone  
  32  7:32  Hatchery  
  32  7:33  Overlord x2  
  32  7:34  Overlord x2  
  26  7:57  Drone  
  26  7:58  Drone  
  27  7:59  Drone  
  27  8:01  Drone  
  27  8:03  Hatchery  
  27  8:04  Drone x2  
  28  8:08  Hatchery  
  22  8:18  Drone x2  
  22  8:19  Drone  
  19  8:22  Hatchery  
  19  8:24  Hatchery  
  17  8:31  Drone x2  
  18  8:38  Drone x2  
  18  8:41  Drone  
  21  8:43  Drone  
  21  8:48  Drone  
  22  8:51  Drone  
  22  8:55  Drone  
  24  8:58  Drone  
  24  9:01  Drone  
  26  9:04  Drone  
  26  9:07  Drone  
  28  9:11  Drone  
  28  9:13  Drone  
  28  9:16  Drone  
  29  9:18  Drone  
  29  9:21  Drone  
  17  9:25  Drone  
  16  9:32  Drone  
  16  9:34  Drone  
  18  9:38  Drone  
  18  9:43  Drone  
  19  9:47  Drone  
  21  9:52  Drone  
  21  9:55  Drone  
  21  9:59  Drone  
  23  10:04  Drone  
  23  10:05  Drone  
  25  10:11  Drone  
  25  10:12  Drone  
  27  10:15  Drone  
  27  10:18  Drone  
  29  10:22  Drone  
  29  10:24  Drone  
  29  10:28  Drone  
  25  10:32  Drone  
  24  10:36  Drone  
  24  10:38  Drone  
  24  10:42  Drone  
  27  10:44  Drone  
  27  10:47  Drone  
  27  10:51  Drone  
  27  10:52  Drone  
  28  10:57  Overlord  
  28  11:03  Overlord  
  28  11:08  Overlord  
  13  11:24  Drone  
  13  11:25  Drone  
  15  11:29  Drone x2  
  15  11:30  Drone  
  18  11:38  Drone  
  19  11:40  Drone  
  18  11:47  Drone  
  18  11:50  Drone  
  17  11:57  Drone  
  16  12:03  Drone  
  13  12:36  Hatchery  
Show
View Real Time Build Order
Export as new Build Order

Skellis Protoss - Winner!

Build Orders: Mass Adepts 

Get SALT Encoding   

  12  0:01  Probe  
  13  0:18  Probe, Pylon  
  14  0:36  Probe (Chrono Boost)  
  15  0:45  Probe (Chrono Boost)  
  16  0:53  Probe  
  17  1:05  Probe (Chrono Boost)  
  18  1:14  Gateway  
  18  1:15  Gateway  
  18  1:17  Probe (Chrono Boost)  
  18  1:18  Gateway  
  20  1:26  Probe (Chrono Boost)  
  20  1:28  Assimilator  
  20  1:33  Assimilator  
  20  1:39  Pylon  
  20  1:41  Probe (Chrono Boost)  
  21  1:51  Probe (Chrono Boost)  
  22  2:05  Zealot x2  
  22  2:06  Cybernetics Core  
  22  2:08  Pylon  
  26  2:14  Zealot  
  28  2:18  Probe (Chrono Boost)  
  29  2:27  Pylon  
  29  2:28  Probe (Chrono Boost)  
  30  2:47  Adept x2  
  30  2:49  Warp Gate (Chrono Boost)  
  34  2:51  Pylon  
  34  2:57  Adept  
  36  3:00  Probe  
  39  3:12  Mothership Core  
  39  3:28  Adept  
  39  3:33  Adept x2  
  44  3:55  Adept  
  44  4:00  Adept x2  
  44  4:20  Probe  
  44  4:23  Adept  
  47  4:32  Probe  
  50  4:53  Zealot x2  
  54  5:07  Nexus  
  54  5:08  Pylon  
  52  5:15  Gateway  
  52  5:36  Stalker x3  
  52  5:41  Probe (Chrono Boost)  
  60  5:51  Probe (Chrono Boost)  
  60  5:58  Probe  
  61  6:10  Probe  
  62  6:12  Pylon  
  62  6:16  Pylon  
  62  6:17  Stargate  
  62  6:21  Forge  
  62  6:22  Probe  
  63  6:30  Stalker x3  
  69  6:35  Nexus  
  69  6:54  Probe  
  69  6:56  Probe  
  69  6:58  Stalker  
  69  7:01  Protoss Ground Weapons Level 1 (Chrono Boost)  
  73  7:05  Sentry x2  
  73  7:06  Probe  
  78  7:08  Probe  
  78  7:13  Pylon  
  79  7:18  Probe (Chrono Boost)  
  80  7:28  Probe (Chrono Boost)  
  80  7:29  Probe (Chrono Boost)  
  82  7:32  Sentry x2  
  82  7:35  Probe (Chrono Boost)  
  87  7:40  Stalker  
  89  7:47  Probe  
  89  7:50  Assimilator  
  90  7:55  Assimilator  
  90  7:56  Stalker  
  92  7:59  Probe  
  93  8:11  Probe  
  93  8:12  Probe  
  95  8:20  Probe  
  95  8:23  Probe  
  95  8:24  Stalker x3, Probe  
  104  8:32  Probe  
  105  8:36  Probe  
  106  8:44  Probe  
  106  8:48  Probe  
  108  8:51  Stalker, Pylon  
  108  8:52  Stalker x2  
  114  9:03  Protoss Shields Level 1 (Chrono Boost), Photon Cannon  
  114  9:05  Robotics Facility  
  114  9:09  Stalker  
  116  9:27  Robotics Facility  
  116  9:34  Zealot  
  118  9:39  Void Ray (Chrono Boost)  
  122  9:53  Pylon  
  122  9:55  Pylon  
  122  10:00  Assimilator  
  122  10:06  Assimilator  
  122  10:09  Pylon  
  122  10:11  Observer  
  122  10:12  Pylon  
  123  10:16  Pylon  
  123  10:17  Protoss Air Weapons Level 1  
  123  10:26  Stalker x3  
  123  10:27  Stalker  
  131  10:33  Observer  
  132  11:12  Observer  
  132  11:16  Immortal  
  137  11:21  Fleet Beacon  
  137  11:23  Stargate  
  137  11:24  Probe  
  138  11:33  Nexus, Observer  
  138  11:36  Probe  
  140  11:47  Twilight Council  
  140  11:48  Stalker, Probe  
  140  11:49  Stalker, Forge  
  145  12:00  Probe  
  146  12:06  Stalker x2  
  150  12:12  Probe  
  151  12:21  Tempest  
  163  12:57  Pylon  
Tags
 
Add a new tag
Caveats
  • Supply blocks, unpowered buildings, or Contaminate may cause inaccurate times.
  • Supply counts are checked every 10 seconds.